 Dungeon Crawl Stone Soup version 0.28-a0-1128-gb845255321 (webtiles) character file.

Game seed: 4191160944959602455

325 Gargoyl the Skirmisher (level 6, -6/50 (53) HPs)
             Began as a Gnoll Abyssal Knight on Dec 12, 2021.
             Was a Believer of Lugonu.
             Mangled by a wight (18 damage)
             ... on level 4 of the Dungeon.
             The game lasted 00:04:49 (3994 turns).

Gargoyl the Skirmisher (Gnoll Abyssal Knight)       Turns: 3994, Time: 00:04:50

HP:   -6/50 (53)    AC: 11    Str: 14    XL:     6   Next: 48%
MP:   9/9           EV:  9    Int: 10    God:    Lugonu [**....]
Gold: 118           SH: 13    Dex: 12    Spells: 9/9 levels left

rFire   . . .      SeeInvis .   g - +2 broad axe (venom)
rCold   + . .      Faith    .   b - +1 kite shield {AC+3}
rNeg    . . .      Spirit   .   j - +0 ring mail
rPois   .          Reflect  +   (no helmet)
rElec   .          Harm     .   (no cloak)
rCorr   .          Rampage  .   d - +0 pair of gloves
Will    .....                   h - +0 pair of boots
Stlth   +.........              o - amulet of reflection
HPRegen 0.16/turn               c - ring of protection from cold
MPRegen 0.11/turn               (no ring)

@: mighty, drained
A: fangs 1, strong nose, distributed training
a: Renounce Religion, Depart the Abyss, Bend Space


You were on level 4 of the Dungeon.
You worshipped Lugonu.
Lugonu was pleased with you.
You visited 1 branch of the dungeon, and saw 4 of its levels.
You visited the Abyss 1 time.
You also visited: Sewer.

You collected 118 gold pieces.

Inventory:

Hand Weapons
 a - a +1 hand axe
 g - a +2 broad axe of venom (weapon)
Missiles
 l - 52 poisoned darts (quivered)
 n - 2 throwing nets
Armour
 b - a +1 kite shield of protection (worn)
 d - a +0 pair of gloves (worn)
 h - a +0 pair of boots (worn)
 j - a +0 ring mail (worn)
Jewellery
 c - a ring of protection from cold (left hand)
 o - an amulet of reflection (around neck)
 s - a +6 ring of intelligence
Scrolls
 e - 3 scrolls of fear
 m - 4 scrolls of identify
Potions
 i - a potion of flight
 k - a potion of resistance
 q - a potion of curing {unknown}


   Skills:
 + Level 6.8 Fighting
 + Level 2.0 Short Blades
 + Level 2.0 Long Blades
 + Level 5.0 Axes
 + Level 2.0 Maces & Flails
 + Level 2.0 Polearms
 + Level 2.0 Staves
 + Level 2.0 Slings
 + Level 2.0 Bows
 + Level 2.0 Crossbows
 + Level 2.0 Throwing
 + Level 5.0 Armour
 + Level 3.2 Dodging
 + Level 2.0 Stealth
 + Level 2.0 Shields
 + Level 2.0 Unarmed Combat
 + Level 2.0 Spellcasting
 + Level 1.5 Conjurations
 + Level 1.5 Hexes
 + Level 1.5 Summonings
 + Level 1.5 Necromancy
 + Level 1.5 Translocations
 + Level 1.5 Transmutations
 + Level 1.5 Fire Magic
 + Level 1.5 Ice Magic
 + Level 1.5 Air Magic
 + Level 1.5 Earth Magic
 + Level 1.5 Poison Magic
 + Level 5.1 Invocations
 + Level 2.0 Evocations


You had 9 spell levels left.
You didn't know any spells.
Your spell library contained the following spells:

 Spells                   Type           Power      Damage    Failure   Level
 Call Canine Familiar     Summ           4%         N/A       99%         3
 Portal Projectile        Hex/Tloc       8%         N/A       99%         3
 Leda's Liquefaction      Hex/Erth       2%         N/A       100%        4


Dungeon Overview and Level Annotations

Branches:
Dungeon (4/15)              Sewer (visited)
 Temple: D:4-7

Altars:
Cheibriados

Shops:
D:1 [


Innate Abilities, Weirdness & Mutations

You have very sharp teeth.
Your uncanny sense of smell can sniff out nearby items.
Your experience applies equally to all skills.


Message History

There is a stone staircase leading up here.
The wight hits you with a +3 dire flail.
* * * LOW HITPOINT WARNING * * *
You feel drained.
* * * LOW HITPOINT WARNING * * *
You climb upwards.
There is a stone staircase leading down here.
Unknown command.
Okay, then.
Unknown command.
You feel very mighty all of a sudden. The wight completely misses you.
You closely miss the wight. You bite the wight.
The wight is heavily damaged.
You block the wight's attack.
You slash the wight!
You destroy the wight!
Lugonu accepts your kill.
Your Short Blades skill increases to level 2!
Your Long Blades skill increases to level 2!
Your Axes skill increases to level 5!
Your Maces & Flails skill increases to level 2!
Your Polearms skill increases to level 2!
Your Staves skill increases to level 2!
Your Slings skill increases to level 2!
Your Bows skill increases to level 2!
Your Crossbows skill increases to level 2!
Your Throwing skill increases to level 2!
Your Armour skill increases to level 5!
Your Stealth skill increases to level 2!
Your Shields skill increases to level 2!
Your Unarmed Combat skill increases to level 2!
Your Spellcasting skill increases to level 2!
Your Evocations skill increases to level 2!
Unknown command.
Things that are here:
a +3 dire flail; a +0 robe
There is a stone staircase leading down here.
You climb downwards.
You block the wight's attack.
The wight hits you with a +4 great sword!!
You die...

# *** ##..).<
#############
####..†.##
............#
###......##
............#
###......#..##
............#
####.....#####..#
............#
###.....#### ##..
........)..####.....###
##.
...........#......###
## ................@z##
# .............##z...#
...........###.....##
..........## #......#
.........## ########
......<### ##..####
####


You could see 2 wights.

Vanquished Creatures
  A bullfrog (Sewer)
  A wight (D:3)
  6 gnolls
  9 adders
  A worm (D:2)
  An adder skeleton (D:2)
  3 dart slugs
  2 orcs (D:4)
  4 bats
  2 endoplasms (D:3)
  9 giant cockroaches
  8 goblins
  4 hobgoblins
  4 quokkas
  6 ball pythons
  4 frilled lizards (Sewer)
  5 kobolds
  8 rats
78 creatures vanquished.

Notes
Turn   | Place    | Note
-------+----------+-------------------------------------------
     0 | Abyss:1  | Gargoyl the Gnoll Abyssal Knight began the quest for the
                  | Orb.
     0 | Abyss:1  | Reached XP level 1. HP: 23/23 MP: 3/3
   111 | Abyss:1  | Noticed a yellow draconian
   132 | Abyss:1  | Noticed an ancient zyme
   136 | Abyss:1  | Noticed a chaos spawn
   139 | Abyss:1  | Noticed a smoke demon
   142 | D:1      | Escaped the Abyss
   316 | D:1      | Found Galosh's Armour Shop.
   324 | D:1      | You fall into a shaft and drop 1 floor!
   380 | D:1      | Found a faded altar of an unknown god.
   419 | D:1      | Reached XP level 2. HP: 15/28 MP: 5/5
   663 | D:1      | Reached * piety under Lugonu
  1237 | D:2      | Reached XP level 3. HP: 35/35 MP: 6/6
  1626 | D:2      | Reached skill level 1 in Short Blades
  1626 | D:2      | Reached skill level 1 in Long Blades
  1626 | D:2      | Reached skill level 1 in Maces & Flails
  1626 | D:2      | Reached skill level 1 in Polearms
  1626 | D:2      | Reached skill level 1 in Staves
  1626 | D:2      | Reached skill level 1 in Slings
  1626 | D:2      | Reached skill level 1 in Bows
  1626 | D:2      | Reached skill level 1 in Crossbows
  1626 | D:2      | Reached skill level 1 in Throwing
  1626 | D:2      | Reached skill level 1 in Stealth
  1626 | D:2      | Reached skill level 1 in Shields
  1626 | D:2      | Reached skill level 1 in Unarmed Combat
  1626 | D:2      | Reached skill level 1 in Spellcasting
  1626 | D:2      | Reached skill level 1 in Evocations
  1784 | D:2      | Reached XP level 4. HP: 38/41 MP: 7/7
  2145 | D:3      | Identified a scroll of acquirement
  2145 | D:3      | Acquired a +1 kite shield of protection
  2176 | D:3      | Acquired a +2 broad axe of venom
  2226 | D:3      | Found a snail-covered altar of Cheibriados.
  2414 | D:3      | Reached skill level 1 in Conjurations
  2414 | D:3      | Reached skill level 1 in Hexes
  2414 | D:3      | Reached skill level 1 in Summonings
  2414 | D:3      | Reached skill level 1 in Necromancy
  2414 | D:3      | Reached skill level 1 in Translocations
  2414 | D:3      | Reached skill level 1 in Transmutations
  2414 | D:3      | Reached skill level 1 in Fire Magic
  2414 | D:3      | Reached skill level 1 in Ice Magic
  2414 | D:3      | Reached skill level 1 in Air Magic
  2414 | D:3      | Reached skill level 1 in Earth Magic
  2414 | D:3      | Reached skill level 1 in Poison Magic
  2705 | D:3      | Found a glowing drain.
  2718 | Sewer    | Entered a sewer
  2732 | Sewer    | Reached ** piety under Lugonu
  2733 | Sewer    | Reached XP level 5. HP: 47/47 MP: 8/8
  3048 | Sewer    | Reached skill level 5 in Invocations
  3048 | Sewer    | Reached XP level 6. HP: 53/53 MP: 9/9
  3991 | D:3      | Reached skill level 5 in Axes
  3991 | D:3      | Reached skill level 5 in Armour
  3994 | D:4      | Mangled by a wight

Illustrated notes

Levels and vault maps discovered:
D:1:      dpeg_arrival_tiny_c, layout_rooms,
          shapermc_ecumenical_altar_notcrosses, serial_curves, eino_curves_01,
          eino_curves_04, serial_shops, nicolae_shop_stone
D:2:      layout_loops_ring, kennysheep_generic_room_3
D:3:      layout_basic, lemuel_tele_altar, portal_sewer_entry_b
D:4:      minmay_spotlight, layout_cave_pods

Skill      XL: |  1  2  3  4  5  6 |
---------------+-------------------+-----
Short Blades   | 1 2 |  2.0
Long Blades    | 1 2 |  2.0
Maces & Flails | 1 2 |  2.0
Polearms       | 1 2 |  2.0
Staves         | 1 2 |  2.0
Slings         | 1 2 |  2.0
Bows           | 1 2 |  2.0
Crossbows      | 1 2 |  2.0
Throwing       | 1 2 |  2.0
Stealth        | 1 2 |  2.0
Shields        | 1 2 |  2.0
Unarmed Combat | 1 2 |  2.0
Spellcasting   | 1 2 |  2.0
Evocations     | 1 2 |  2.0
Conjurations   | 1 |  1.5
Hexes          | 1 |  1.5
Summonings     | 1 |  1.5
Necromancy     | 1 |  1.5
Translocations | 1 |  1.5
Transmutations | 1 |  1.5
Fire Magic     | 1 |  1.5
Ice Magic      | 1 |  1.5
Air Magic      | 1 |  1.5
Earth Magic    | 1 |  1.5
Poison Magic   | 1 |  1.5
Dodging        | 3 |  3.2
Invocations    | 5 |  5.1
Axes           | 5 |  5.0
Armour         | 5 |  5.0
Fighting       | |  6.8

Action                   |  1- 3 |  4- 6 || total
-------------------------+-------+-------++-------
Melee: Hand axe          |    79 |    16 ||    95
       Bite              |     6 |     4 ||    10
       Dagger            |    15 |       ||    15
       Punch             |     2 |       ||     2
       Broad axe         |       |   105 ||   105
Invok: Depart the Abyss  |     1 |       ||     1
  Use: Scroll            |       |    11 ||    11
       Potion            |       |     1 ||     1
Armor: Leather armour    |    19 |       ||    19
       Ring mail         |    26 |    56 ||    82
Dodge: Dodged            |    48 |    52 ||   100
Block: Kite shield       |       |   146 ||   146
       Reflection        |       |     3 ||     3

Table legend: (Time is in decaauts)
 A = Elapsed time spent in this place.
 B = Non-inter-level travel time spent in this place.
 C = Inter-level travel time spent in this place.
 D = Time resting spent in this place.
 E = Time spent auto-exploring this place.
 F = Levels seen in this place.
 G = Mean time per level.
                   A        B        C        D        E       F      G
               +--------+--------+--------+--------+--------+-----+--------+
         Total |   4153 |   4083 |     70 |      0 |   3220 |   6 |  692.2 |
       Dungeon |   3334 |   3264 |     70 |      0 |   2665 |   4 |  833.5 |
         Abyss |    142 |    142 |      0 |      0 |     81 |   1 |  142.0 |
         Sewer |    675 |    675 |      0 |      0 |    474 |   1 |  675.0 |
               +--------+--------+--------+--------+--------+-----+--------+

Top non-repeatable levels by time:
     D:1: 1055 daAuts
     D:3: 971 daAuts
     D:2: 946 daAuts
   Sewer: 675 daAuts
     D:4: 361 daAuts
 Abyss:1: 142 daAuts
